 Dungeon Crawl Stone Soup version 0.22-a0-460-g49b1da7 (webtiles) character file.

109 Wanace the Bolt Thrower (level 5, 0/31 HPs)
             Began as a Kobold Hunter on June 9, 2018.
             Succumbed to a worker ant's poison
             ... on level 4 of the Dungeon.
             The game lasted 00:09:44 (2956 turns).

Wanace the Bolt Thrower (Kobold Hunter)             Turns: 2956, Time: 00:09:45

Health: 0/31       AC:  3    Str:  9    XL:     5   Next: 13%
Magic:  5/5        EV: 15    Int: 12    God:
Gold:   219        SH:  0    Dex: 17    Spells: 4/4 levels left

rFire    . . .     SeeInvis .   b - +0 short sword
rCold    . . .     Gourm    .   (shield restricted)
rNeg     . . .     Faith    .   c - +0 leather armour
rPois    .         Spirit   .   (no helmet)
rElec    .         Reflect  .   (no cloak)
rCorr    .         Harm     .   (no gloves)
MR       .....                  (no boots)
Stlth    ++........             (no amulet)
HPRegen  0.10/turn              (no ring)
MPRegen  0.09/turn              (no ring)

@: lethally poisoned (0 -> -5)
A: small, carnivore
a: no special abilities


You were on level 4 of the Dungeon.
You were not hungry.

You visited 1 branch of the dungeon, and saw 4 of its levels.

You collected 219 gold pieces.

Inventory:

Hand Weapons
 a - a +1 hand crossbow
 b - a +0 short sword (weapon)
 h - a cursed -1 short sword
Missiles
 d - 24 bolts
Armour
 c - a +0 leather armour (worn)
Jewellery
 r - a cursed -2 ring of protection {unknown}
Scrolls
 e - 3 scrolls of enchant armour {unknown}
 g - 3 scrolls of remove curse {unknown}
 j - a scroll of random uselessness {unknown}
 k - 3 scrolls of identify {unknown}
 m - a scroll of enchant weapon {unknown}
 n - a scroll of teleportation {unknown}
Potions
 i - a potion of haste {unknown}
 p - a potion of cancellation
 q - 2 potions of agility
Comestibles
 f - 3 rations


   Skills:
 + Level 2.6 Fighting
 + Level 1.3 Short Blades
 + Level 5.8 Crossbows
 + Level 0.6 Armour
 * Level 3.3 Dodging
 * Level 2.9 Stealth


You had 4 spell levels left.
You didn't know any spells.
Your spell library was empty.

Dungeon Overview and Level Annotations

Branches:
Dungeon (4/15)
 Temple: D:4-7

Altars:


Innate Abilities, Weirdness & Mutations

You are small and have problems with some larger weapons.
You are carnivorous and can eat meat at any time.


Message History

You closely miss the worker ant.
The worker ant is moderately wounded.
The worker ant bites you.
* * * LOW HITPOINT WARNING * * *
The worker ant bites you but does no damage.
You hit the worker ant but do no damage.
The worker ant is moderately wounded.
* * * LOW HITPOINT WARNING * * *
You feel sick. The worker ant closely misses you.
You closely miss the worker ant.
The worker ant is moderately wounded.
* * * LOW HITPOINT WARNING * * *
You feel sick. The worker ant bites you.
* * * LOW HITPOINT WARNING * * *
You hit the worker ant but do no damage.
The worker ant is moderately wounded.
The worker ant barely misses you.
You barely miss the worker ant.
The worker ant is moderately wounded.
You die...

#..#.# #..#.#
#..#.# #..#.#
#######..#.######..
..................#
........###########
..........#######
.#.......@.......
#.######a####### #
#.. .... ###.. ...
.... ####


You could see a worker ant.

Vanquished Creatures
  5 adders
  6 worms
  A dart slug (D:2)
  A leopard gecko (D:2)
  2 giant cockroaches (D:1)
  4 goblins
  5 hobgoblins
  A jackal (D:1)
  7 kobolds
  4 bats
  5 frilled lizards
  7 rats
48 creatures vanquished.

Notes
Turn   | Place    | Note
-------+----------+-------------------------------------------
     0 | D:1      | Wanace the Kobold Hunter began the quest for the Orb.
     0 | D:1      | Reached XP level 1. HP: 12/12 MP: 1/1
    53 | D:1      | Reached skill level 5 in Crossbows
    94 | D:1      | Reached XP level 2. HP: 17/17 MP: 2/2
   712 | D:2      | Reached XP level 3. HP: 22/22 MP: 3/3
   850 | D:2      | Reached XP level 4. HP: 27/27 MP: 4/4
  2074 | D:3      | Reached skill level 1 in Short Blades
  2277 | D:3      | Reached XP level 5. HP: 12/31 MP: 5/5
  2954 | D:4      | HP: 1/31 [worker ant (5)]
  2956 | D:4      | Succumbed to a worker ant's poison

Vault maps used:
D:1:      dpeg_arrival_rooms_with_view, minmay_tromino_i2
D:2:      chequers_big_river, minmay_misc_feat_tower
D:4:      gammafunk_temple_of_torment, gammafunk_temple_overflow_elements,
          cheibrodos_ashenzari_chains, first_ration, st_stairs_8,
          grunt_ministairs_1, nicolae_ru_great_annihilating_truth,
          uniq_blork_the_orc

Skill      XL: |  1  2  3  4 |
---------------+-------------+-----
Crossbows      | 5 |  5.8
Stealth        | 2 |  2.9
Dodging        | 3 |  3.3
Short Blades   | 1 |  1.3
Fighting       | |  2.6
Armour         | |  0.6

Action                   |  1- 3 |  4- 6 || total
-------------------------+-------+-------++-------
Melee: Short sword       |    25 |   101 ||   126
 Fire: Hand crossbow     |    46 |    19 ||    65
  Use: Potion            |       |     5 ||     5
 Stab: Sleeping          |     1 |     5 ||     6
       Invisible         |       |     2 ||     2
  Eat: Ration            |       |     4 ||     4
Armor: Leather armour    |     4 |    21 ||    25
Dodge: Dodged            |    28 |    87 ||   115

Table legend:
 A = Spawn XP
 B = Non-spawn XP
 C = Spawn XP percentage of total XP
 D = Spawn monster count
 E = Non-spawn monster count
 F = Spawn count percentage of total count
 G = Total turns spent on level
                    A         B        C        D         E        F      G
               +---------+---------+-------+---------+---------+-------+---------
         Total |       0 |     156 |   0.0 |       0 |      48 |   0.0 |  2956
               +---------+---------+-------+---------+---------+-------+---------
           D:1 |       0 |      28 |   0.0 |       0 |      19 |   0.0 |   708
           D:2 |       0 |      68 |   0.0 |       0 |      17 |   0.0 |  1238
           D:3 |       0 |      60 |   0.0 |       0 |      12 |   0.0 |   963
               +---------+---------+-------+---------+---------+-------+---------
